 Dungeon Crawl Stone Soup version 0.27-a0-1365-ge71e8f7681 (webtiles) character file.

Game seed: 10876681341280327684

5499 27snakeeyes612 the Cleaver (level 10, -8/91 (93) HPs)
             Began as a Hill Orc Fighter on June 28, 2021.
             Was a Follower of Makhleb.
             Mangled by a very large slime creature (43 damage)
             ... on level 7 of the Dungeon.
             The game lasted 00:08:42 (11862 turns).

27snakeeyes612 the Cleaver (Hill Orc Fighter)      Turns: 11862, Time: 00:08:42

HP:   -8/91 (93)    AC: 18    Str: 29    XL:     10   Next: 70%
MP:   11/11         EV:  7    Int:  8    God:    Makhleb [*.....]
Gold: 321           SH: 13    Dex: 10    Spells: 9/9 levels left

rFire    + . .     SeeInvis .   s - +1 hand axe (drain)
rCold    . . .     Faith    +   c - +1 kite shield
rNeg     . . .     Spirit   .   w - +2 chain mail {Will+}
rPois    .         Reflect  .   v - +2 hat
rElec    .         Harm     .   z - +2 cloak
rCorr    .         Rampage  .   (no gloves)
Will     +....                  (no boots)
Stlth    ..........             u - amulet of faith
HPRegen  0.25/turn              f - ring of protection from fire
MPRegen  0.12/turn              p - +6 ring of strength

@: lightly drained
A: no striking features
a: Renounce Religion


You were on level 7 of the Dungeon.
You worshipped Makhleb.
Makhleb was aware of your devotion.
You visited 2 branches of the dungeon, and saw 9 of its levels.
You also visited: Sewer.

You collected 391 gold pieces.
You spent 70 gold pieces at shops.

Inventory:

Hand Weapons
 a - a +0 war axe
 s - a +1 hand axe of draining (weapon)
Missiles
 A - a throwing net (quivered)
Armour
 b - a +0 scale mail
 c - a +1 kite shield (worn)
 q - a +2 scale mail of positive energy
 v - a +2 hat (worn)
 w - a +2 chain mail of willpower (worn)
 z - a +2 cloak (worn)
Jewellery
 f - a ring of protection from fire (left hand)
 i - a +4 ring of evasion
 j - a ring of see invisible
 p - a +6 ring of strength (right hand)
 r - a ring of positive energy
 u - an amulet of faith (around neck)
 B - a ring of positive energy
 E - a ring of wizardry
Wands
 n - a wand of mindburst (5)
 D - a wand of flame (13)
 J - a wand of charming (8)
Scrolls
 h - a scroll of acquirement {unknown}
 k - a scroll of holy word
 x - 4 scrolls of noise
 y - a scroll of blinking
 F - a scroll of fog
 G - a scroll of amnesia
Potions
 d - a potion of lignification {unknown}
 e - a potion of mutation
 g - 3 potions of curing
 l - a potion of haste
 m - 2 potions of heal wounds
 o - a potion of brilliance
 t - 2 potions of attraction {unknown}
 C - a potion of ambrosia {unknown}
 H - a potion of flight {unknown}


   Skills:
 + Level 9.9 Fighting
 + Level 10.4 Axes
 + Level 9.2 Armour
 + Level 9.1 Shields
 + Level 2.2 Invocations


You had 9 spell levels left.
You didn't know any spells.
Your spell library contained the following spells:

 Spells                   Type           Power      Damage    Failure   Level
 Foxfire                  Conj/Fire      0%         2x1d4     98%         1
 Magic Dart               Conj           0%         1d3       98%         1
 Searing Ray              Conj           0%         3d3       99%         2
 Conjure Flame            Conj/Fire      0%         6-21      100%        3
 Dazzling Flash           Conj/Hex       0%         N/A       100%        3
 Inner Flame              Hex/Fire       0%         N/A       100%        3
 Fulminant Prism          Conj/Hex       0%         3d6       100%        4
 Iskenderun's Mystic Bla  Conj/Tloc      0%         2d3       100%        4
 Sticky Flame             Conj/Fire      0%         2d3       100%        4
 Fireball                 Conj/Fire      0%         3d3       100%        5


Dungeon Overview and Level Annotations

Branches:
Dungeon (8/15)             Temple (1/1) D:7           Sewer (visited)
   Lair: D:8-11

Altars:
Cheibriados
Hepliaklqana
Makhleb
Nemelex Xobeh
Qazlal
Uskayaw

Shops:
D:4 !

Annotations:
D:3 3 runed translucent doors, petercordia's ghost, amateur DsTm
D:6 5 runed translucent doors, confidenceinterval's ghost, novice HOMo


Message History

Your chain mail prevents you from hitting the large slime creature.
You block the very large slime creature's attack.
A large slime creature splits.
You slash the very large slime creature!
The very large slime creature is moderately wounded.
You hit the slime creature. x2; You drain the slime creature.
The very large slime creature hits you!!
* * * LOW HITPOINT WARNING * * *
You block the slime creature's attack.
You hit the very large slime creature but do no damage.
The very large slime creature is moderately wounded.
You hit the slime creature. You drain the slime creature.
You hit the slime creature. The slime creature barely misses you.
The very large slime creature hits you.
* * * LOW HITPOINT WARNING * * *
The slime creature hits you but does no damage.
You feel much better. The slime creature hits you.
The very large slime creature hits you!!
* * * LOW HITPOINT WARNING * * *
The slime creature hits you but does no damage.
You hit the very large slime creature.
The very large slime creature is moderately wounded.
You hit the slime creature but do no damage. x2
The slime creature barely misses you.
The very large slime creature hits you but does no damage.
You block the slime creature's attack.
You feel much better. You block the slime creature's attack.
You block the very large slime creature's attack.
The slime creature hits you.
You slash the very large slime creature!
The very large slime creature is moderately wounded.
You hit the slime creature. x2
The slime creature hits you but does no damage.
You block the very large slime creature's attack.
You block the slime creature's attack.
You slash the very large slime creature!
The very large slime creature is moderately wounded.
You hit the slime creature. x2; You block the slime creature's attack.
The very large slime creature hits you!!!
You die...

......>............#
.#################.#
.### #..#.(<.#.#
...# ####..#.#.##.#
...####.....#.#.##.#
........##.##.#.##.#
.#.#######......##.#
.#..........#.####.#
.............[.J@#.#
.#..######..#..JJ..#
.#..#
#..#############
.#..#
#..#...........#
.#..#
#..#.#########.#
.#..# #..#.# #.#
.#..######..#.# #.#
.#..........#.# #.#
.#.########.#.# #.#


You could see a very large slime creature (drained) and 2 slime creatures.

Vanquished Creatures
  An ugly thing (D:8)
  A manticore (D:7)
  Maggie (D:7)
  Sigmund (D:5)
  Eustachio (D:6)
  2 wyverns
  A yak (D:6)
  An acid dragon (D:6)
  4 water moccasins
  5 ice beasts
  2 sky beasts
  A black bear (D:4)
  An orc warrior (D:5)
  2 hornet zombies
  3 ogres
  A centaur (D:6)
  4 kobold brigands
  A gnoll sergeant (D:8)
  3 bullfrogs
  2 wyvern zombies (D:8)
  3 scorpions
  5 killer bees (D:8)
  A wight (D:8)
  An electric eel (D:8)
  A howler monkey (D:5)
  A bullfrog zombie (D:3)
  An orc priest (D:6)
  A bullfrog skeleton (D:7)
  A hound (D:4)
  3 jellies
  Crazy Yiuf (D:5)
  3 iguanas
  An orc wizard (D:8)
  Robin (D:3)
  3 river rats
  6 adders
  7 gnolls
  3 white imps (D:6)
  An ufetubus (D:6)
  An adder skeleton (D:4)
  3 worms
  A dart slug (D:3)
  13 orcs
  12 endoplasms
  4 giant cockroaches
  13 goblins
  12 hobgoblins
  4 jackals
  5 quokkas
  10 ball pythons
  6 bats
  4 frilled lizards
  9 kobolds
  20 rats
199 creatures vanquished.

Vanquished Creatures (others)
  An orc wizard (D:7)
  17 bushes (D:8)
  A butterfly (D:8)
19 creatures vanquished.

Grand Total: 218 creatures vanquished

Notes
Turn   | Place    | Note
-------+----------+-------------------------------------------
     0 | D:1      | 27snakeeyes612 the Hill Orc Fighter began the quest for the
                  | Orb.
     0 | D:1      | Reached XP level 1. HP: 19/19 MP: 1/1
   412 | D:1      | Reached XP level 2. HP: 17/27 MP: 2/2
   415 | D:1      | Reached skill level 3 in Axes
  1135 | D:1      | Found a faded altar of an unknown god.
  1359 | D:2      | Reached XP level 3. HP: 33/33 MP: 3/3
  2386 | D:3      | Noticed Robin
  2395 | D:3      | Reached XP level 4. HP: 24/40 MP: 4/4
  2766 | D:3      | Killed Robin
  2889 | D:3      | Reached skill level 4 in Axes
  2889 | D:3      | Reached XP level 5. HP: 35/47 MP: 5/5
  3164 | D:3      | Found a runed translucent gate.
  3164 | D:3      | Found a runed translucent gate.
  3164 | D:3      | Found a runed translucent gate.
  3164 | D:3      | Noticed petercordia's ghost (amateur DsTm)
  3234 | D:3      | You fall into a shaft and drop 1 floor!
  3496 | D:4      | Noticed a black bear
  3513 | D:4      | Killed a black bear
  3514 | D:4      | Reached skill level 5 in Fighting
  3514 | D:4      | Reached XP level 6. HP: 21/56 MP: 6/6
  4045 | D:3      | Found a hazy altar of Hepliaklqana.
  4389 | D:4      | Found Miomic's Distillery.
  4397 | D:4      | Bought a potion of heal wounds for 70 gold pieces
  4406 | D:4      | Noticed a water moccasin
  4413 | D:4      | Killed a water moccasin
  4414 | D:4      | Reached skill level 5 in Axes
  4414 | D:4      | Reached skill level 5 in Armour
  4420 | D:4      | Reached skill level 5 in Shields
  4427 | D:4      | Reached XP level 7. HP: 11/61 MP: 7/7
  4684 | D:4      | Found a hide-covered altar of Uskayaw.
  4777 | D:5      | Entered Level 5 of the Dungeon
  4945 | D:5      | Found a glowing drain.
  4963 | Sewer    | Entered a sewer
  5838 | Sewer    | Reached skill level 6 in Axes
  6253 | D:5      | Reached XP level 8. HP: 70/70 MP: 8/8
  6690 | D:5      | Found a runed translucent door.
  6691 | D:5      | Noticed Crazy Yiuf
  6770 | D:5      | Noticed Sigmund
  6797 | D:5      | Killed Sigmund
  7153 | D:5      | Killed Crazy Yiuf
  7513 | D:6      | Reached skill level 7 in Axes
  7711 | D:6      | Found a large runed translucent door.
  7711 | D:6      | Found a large runed translucent door.
  7729 | D:6      | Noticed a boulder beetle
  7738 | D:6      | Noticed a yak
  7744 | D:6      | Killed a yak
  7757 | D:6      | Found a large runed translucent door.
  7757 | D:6      | Found a large runed translucent door.
  8251 | D:5      | Reached XP level 9. HP: 60/79 MP: 9/9
  8588 | D:6      | Reached skill level 8 in Axes
  9080 | D:6      | Identified the +6 glaive of Resumed Hostilities {drain,
                  | Str+8 Int-5}
  9103 | D:6      | Found a runed translucent door.
  9104 | D:6      | Noticed confidenceinterval's ghost (novice HOMo)
  9111 | D:6      | Noticed Eustachio
  9143 | D:6      | Killed Eustachio
  9311 | D:6      | Found a sparkling altar of Nemelex Xobeh.
  9456 | D:7      | Reached skill level 9 in Axes
  9808 | D:7      | Reached XP level 10. HP: 65/91 MP: 10/10
 10019 | D:7      | Noticed a manticore
 10036 | D:7      | Killed a manticore
 10309 | D:7      | Found a staircase to the Ecumenical Temple.
 10360 | D:7      | Noticed Maggie
 10371 | D:7      | Killed Maggie
 10420 | Temple   | Entered the Ecumenical Temple
 10496 | Temple   | Became a worshipper of Makhleb the Destroyer
 10834 | D:8      | Reached skill level 10 in Axes
 10935 | D:8      | Noticed a brown ugly thing
 10957 | D:8      | Killed a brown ugly thing
 11355 | D:8      | Reached skill level 1 in Invocations
 11487 | D:8      | Found a snail-covered altar of Cheibriados.
 11554 | D:8      | Reached * piety under Makhleb
 11862 | D:7      | Mangled by a very large slime creature

Illustrated notes

Levels and vault maps discovered:
D:1:      dpeg_arrival_water_temple_mockup, layout_basic,
          shapermc_ecumenical_altar_flowoftime, chequers_garden,
          minmay_misc_feat_doors
D:2:      layout_loops_ring, chequers_serial_rivers_small_b
D:3:      layout_basic, nzn_hepliaklqana_mist_gate, gammafunk_ghost_necromancy,
          minivault_26, uniq_robin
D:4:      layout_rooms, nicolae_uskayaw_dance_hall, serial_shops, shop
D:5:      layout_loops_corners, gup_sewer_entry_bubbles,
          uniq_crazy_yiuf_cottage, uniq_sigmund
D:6:      cheibrodos_quashed, layout_rooms, nemelex_diamond_rough_becter,
          ebering_ghost_reflecting_pool, minmay_hollow_rounded_squares,
          uniq_eustachio
D:7:      layout_basic, minmay_temple_entry_purple_smoke, uniq_maggie
D:8:      argonaut_augean_stables, layout_basic, slow_altar_1,
          nicolae_elyvilon_peaceful_grove
Temple:   regret_index_temple_generic_petals

Skill      XL: |  1  2  3  4  5  6  7  8  9 10 |
---------------+-------------------------------+-----
Axes           | 3 4 5 6 7 9 10 | 10.4
Fighting       | 4 5 6 7 9 |  9.9
Armour         | 4 5 7 8 9 |  9.2
Shields        | 4 5 6 8 9 |  9.1
Invocations    | 2 |  2.2

Action                   |  1- 3 |  4- 6 |  7- 9 | 10-12 || total
-------------------------+-------+-------+-------+-------++-------
Melee: War axe           |   127 |   148 |   206 |       ||   481
       Hand axe          |       |       |   197 |   152 ||   349
Throw: Dart              |       |       |     7 |     2 ||     9
Evoke: Wand              |       |       |       |     1 ||     1
  Use: Potion            |     2 |       |     2 |     3 ||     7
       Scroll            |       |       |    16 |       ||    16
Armor: Scale mail        |    69 |    84 |    69 |       ||   222
       Chain mail        |       |       |    94 |    62 ||   156
Dodge: Dodged            |    55 |    59 |   118 |    30 ||   262
Block: Kite shield       |    80 |   102 |   222 |    81 ||   485

Table legend: (Time is in decaauts)
 A = Elapsed time spent in this place.
 B = Non-inter-level travel time spent in this place.
 C = Inter-level travel time spent in this place.
 D = Time resting spent in this place.
 E = Time spent auto-exploring this place.
 F = Levels seen in this place.
 G = Mean time per level.
                   A        B        C        D        E       F      G
               +--------+--------+--------+--------+--------+-----+--------+
         Total |  12288 |  12009 |    279 |   2324 |   7811 |  10 | 1228.8 |
       Dungeon |  10868 |  10601 |    267 |   2223 |   6796 |   8 | 1358.5 |
        Temple |     92 |     81 |     11 |      0 |     65 |   1 |   92.0 |
         Sewer |   1327 |   1327 |      0 |    101 |    950 |   1 | 1327.0 |
               +--------+--------+--------+--------+--------+-----+--------+

Top non-repeatable levels by time:
     D:5: 2485 daAuts
     D:2: 1500 daAuts
     D:7: 1356 daAuts
   Sewer: 1327 daAuts
     D:1: 1295 daAuts
     D:4: 1067 daAuts
     D:3: 1064 daAuts
     D:6: 1061 daAuts
     D:8: 1038 daAuts
  Temple: 92 daAuts
